 Dungeon Crawl Stone Soup version 0.19-a0-1886-gd64a0f0 (webtiles) character file.

1634 Minion the Cleaver (level 8, -1/71 HPs)
             Began as a Minotaur Fighter on Oct 16, 2016.
             Was a Follower of the Shining One.
             Slain by an orc warrior
             ... wielding a +0 long sword
              (20 damage)
             ... on level 6 of the Dungeon.
             The game lasted 00:12:59 (4016 turns).

Minion the Cleaver (Minotaur Fighter)               Turns: 4016, Time: 00:12:59

Health: -1/71      AC: 15    Str: 23    XL:     8   Next: 66%
Magic:  7/7        EV: 12    Int:  5    God:    the Shining One [*.....]
Gold:   214        SH:  0    Dex: 10    Spells: 0 memorised, 7 levels left

rFire  + . .     SeeInvis .     a - +0 war axe
rCold  . . .     Gourm    .     b - +0 scale mail
rNeg   . . .     Faith    .     (no shield)
rPois  .         Spirit   .     (helmet restricted)
rElec  .         Dismiss  .     (no cloak)
rCorr  .         Reflect  .     C - +0 pair of gloves
MR     .....     Harm     .     D - +0 pair of boots
Stlth  ..........               (no amulet)
                                y - ring of protection from fire
                                w - +5 ring of protection

@: glowing
A: retaliatory headbutt, horns 2
a: Renounce Religion


You were on level 6 of the Dungeon.
You worshipped the Shining One.
The Shining One was aware of your devotion.
You were not hungry.

You visited 2 branches of the dungeon, and saw 7 of its levels.

You collected 214 gold pieces.

Inventory:

Hand Weapons
 a - a +0 war axe (weapon)
Armour
 b - a +0 scale mail (worn)
 C - a +0 pair of gloves (worn)
 D - a +0 pair of boots (worn)
Jewellery
 w - a +5 ring of protection (left hand)
 y - a ring of protection from fire (right hand)
Scrolls
 g - 4 scrolls of enchant armour {unknown}
 i - 9 scrolls of identify
 k - a scroll of blinking {unknown}
 l - 3 scrolls of fear {unknown}
 m - a scroll of immolation {unknown}
 p - a scroll of recharging {unknown}
 r - a scroll of remove curse
 s - 3 scrolls of teleportation {unknown}
 u - a scroll of enchant weapon {unknown}
 E - a scroll of fog {unknown}
Potions
 c - a potion of invisibility {unknown}
 d - a potion of might
 e - 2 potions of lignification {unknown}
 j - 3 potions of haste
 n - a potion of beneficial mutation {unknown}
 o - 3 potions of flight {unknown}
 q - a potion of curing
 t - a potion of brilliance {unknown}
 z - a potion of resistance {unknown}
 A - a potion of degeneration {unknown}
 B - a potion of berserk rage {unknown}
 H - 2 potions of mutation {unknown}
Books
 G - a book of Changes

   Spells                             Type                      Level
   a - Beastly Appendage              Transmutation                1
   b - Sticks to Snakes               Transmutation                2
   c - Spider Form                    Transmutation/Poison         3
   d - Ice Form                       Ice/Transmutation            4
   e - Blade Hands                    Transmutation                5
Comestibles
 f - 3 bread rations
 h - 3 meat rations
 v - 2 slices of pizza
 x - 11 fruits
 F - a beef jerky
 I - 9 chunks of flesh


   Skills:
 + Level 6.8 Fighting
 * Level 8.5 Axes
 + Level 6.9 Armour
 + Level 5.5 Dodging
   Level 3.6 Shields


You had 7 spell levels left.
You didn't know any spells.

Dungeon Overview and Level Annotations

Branches:
Dungeon (6/15)             Temple (1/1) D:4

Altars:
Dithmenos
Elyvilon
Fedhas
Gozag
Hepliaklqana
Makhleb
Nemelex Xobeh
Okawaru
Qazlal
Ru
Sif Muna
Vehumet
Xom
Zin
The Shining One

Shops:
D:5 =


Innate Abilities, Weirdness & Mutations

You reflexively headbutt those who attack you in melee.
You have a pair of horns on your head.


Message History

The adder bites you but does no damage.
You feel better. The adder bites you.
You barely miss the adder. Your headbutt misses the adder.
The adder closely misses you. You furiously retaliate!
You headbutt the adder. You slash the adder!
You kill the adder!
You hit the orc warrior.
The orc warrior is lightly wounded.
The orc warrior hits you but does no damage.
You barely miss the orc warrior.
The orc warrior is lightly wounded.
The orc warrior hits you with a long sword.
Your scale mail prevents you from hitting the orc warrior.
The orc warrior is lightly wounded.
The orc warrior hits you with a long sword!!
* * * LOW HITPOINT WARNING * * *
A worker ant comes into view.
The worker ant twitches its antennae in your direction.
The orc warrior hits you with a long sword!!
You die...

#.#..#####..#####.
#.#†.....#..#.....
#.#......#..#.....
#.#####..#..#..##### #.
..#......#..#......# ...
..#......#..#......# #.#
..#..#####..#####a.# #.#
..#............o...# #.#
..#.............@..# #.# ####
..#####################.######...
..# #...........................
..####>######.#########.##.......
.......# #...........##..(....
.####### #.############.......
.......# #.# #....... ######.#
#.# ##...... #.######.# #......


You could see an orc warrior and a worker ant.

Vanquished Creatures
  A hippogriff (D:4)
  Sigmund (D:2)
  Eustachio (D:5)
  2 ice beasts (D:6)
  2 ogres
  A scorpion (D:4)
  A crimson imp (D:5)
  A hound (D:5)
  3 orc priests
  A jelly (D:5)
  A bullfrog skeleton (D:6)
  A centaur skeleton (D:5)
  6 orc wizards
  Jessica (D:2)
  3 iguanas
  Ijyb (D:2)
  Terence (D:2)
  A worker ant (D:5)
  8 adders
  2 oozes (D:1)
  4 worms
  A dart slug (D:3)
  4 leopard geckos
  15 orcs
  3 ball pythons
  6 giant cockroaches
  9 goblins
  3 hobgoblins
  10 jackals
  6 quokkas
  7 bats
  3 frilled lizards
  6 kobolds
  8 rats
124 creatures vanquished.

Vanquished Creatures (others)
  5 dream sheep (D:4)
5 creatures vanquished.

Grand Total: 129 creatures vanquished

Notes
Turn   | Place    | Note
-------+----------+-------------------------------------------
     0 | D:1      | Minion the Minotaur Fighter began the quest for the Orb.
     0 | D:1      | Reached XP level 1. HP: 19/19 MP: 0/0
    47 | D:1      | Reached XP level 2. HP: 21/27 MP: 1/1
    70 | D:1      | Reached skill level 1 in Dodging
    72 | D:1      | Reached skill level 3 in Axes
   223 | D:1      | Reached XP level 3. HP: 33/33 MP: 2/2
   491 | D:2      | Noticed Jessica
   494 | D:2      | Killed Jessica
   494 | D:2      | Reached XP level 4. HP: 29/40 MP: 3/3
   845 | D:2      | Noticed Ijyb
   853 | D:2      | Killed Ijyb
   853 | D:2      | Reached skill level 4 in Axes
   862 | D:2      | Noticed Terence
   869 | D:2      | Killed Terence
   869 | D:2      | Reached XP level 5. HP: 45/47 MP: 4/4
   990 | D:2      | Noticed Sigmund
  1194 | D:2      | Killed Sigmund
  1194 | D:2      | Reached skill level 5 in Fighting
  1194 | D:2      | Reached skill level 5 in Axes
  1194 | D:2      | Reached XP level 6. HP: 33/56 MP: 5/5
  1816 | D:4      | Found a staircase to the Ecumenical Temple.
  1842 | Temple   | Entered the Ecumenical Temple
  1999 | Temple   | Became a worshipper of the Shining One
  2178 | D:4      | Noticed a hippogriff
  2188 | D:4      | Killed a hippogriff
  2188 | D:4      | Reached skill level 6 in Axes
  2188 | D:4      | Reached skill level 5 in Armour
  2188 | D:4      | Reached XP level 7. HP: 48/61 MP: 6/6
  2591 | D:4      | Found a shimmering altar of Xom.
  2591 | D:4      | Noticed a dream sheep
  2591 | D:4      | Noticed a dream sheep
  2591 | D:4      | Noticed a dream sheep
  2591 | D:4      | Noticed a dream sheep
  2591 | D:4      | Noticed a dream sheep
  2595 | D:4      | Killed a dream sheep
  2596 | D:4      | Killed a dream sheep
  2596 | D:4      | Killed a dream sheep
  2597 | D:4      | Killed a dream sheep
  2597 | D:4      | Killed a dream sheep
  2752 | D:5      | Entered Level 5 of the Dungeon
  2845 | D:5      | Found a white marble altar of Elyvilon.
  2966 | D:5      | Found a shadowy altar of Dithmenos.
  3060 | D:5      | Noticed Eustachio
  3086 | D:5      | Killed Eustachio
  3086 | D:5      | Reached skill level 7 in Axes
  3173 | D:5      | Found a burning altar of Makhleb.
  3256 | D:5      | Reached XP level 8. HP: 52/70 MP: 7/7
  3336 | D:5      | Found a sacrificial altar of Ru.
  3384 | D:5      | Found a radiant altar of Vehumet.
  3389 | D:5      | Found Okammun's Jewellery Emporium.
  3598 | D:6      | Reached * piety under the Shining One
  3728 | D:6      | Reached skill level 8 in Axes
  3739 | D:6      | Found a sparkling altar of Nemelex Xobeh.
  3763 | D:6      | Reached skill level 5 in Dodging
  4016 | D:6      | Slain by an orc warrior

Vault maps used:
D:1:      dpeg_arrival_rooms_c
D:2:      uniq_jessica, uniq_terence, uniq_iyjb, uniq_sigmund
D:3:      guppyfry_early_lair_pool
D:4:      first_bread, hangedman_decor_push, minmay_liquid_box,
          kb_xom_exploding_sheep
D:5:      lemuel_coloured_pillars_altar, nicolae_ru_path_of_blood,
          old_standard_altar, elyvilon_altar_1, kennysheep_mini, serial_shops,
          nicolae_shop_waterfront, patterned_corridor, uniq_eustachio
D:6:      kennysheep_windowed_halls, old_standard_altar,
          hangedman_abyss_or_decor_slice, nicolae_lava_and_water
Temple:   dpeg_chambers_temple

Skill      XL: |  1  2  3  4  5  6  7  8 |
---------------+-------------------------+-----
Dodging        | 1 2 3 4 5 |  5.5
Axes           | 3 4 5 6 7 8 |  8.5
Fighting       | 4 5 6 |  6.8
Armour         | 4 5 6 |  6.9
Shields        | |  3.6

Action                   |  1- 3 |  4- 6 |  7- 9 || total
-------------------------+-------+-------+-------++-------
Melee: War axe           |    59 |   105 |   140 ||   304
       Headbutt          |     6 |    14 |    23 ||    43
  Use: Scroll            |       |       |     4 ||     4
       Potion            |       |       |     1 ||     1
  Eat: Chunk             |       |     1 |     4 ||     5
       Bread ration      |       |     1 |       ||     1
       Fruit             |       |       |     1 ||     1
Armor: Scale mail        |    42 |    57 |    62 ||   161
Dodge: Dodged            |    44 |    56 |    84 ||   184
